 Dungeon Crawl Stone Soup version 0.20.1-1-g8b1a95d (webtiles) character file.

183 wolfsongas the Cudgeler (level 5, 0/41 HPs)
             Began as a Demonspawn Fighter on Aug 3, 2017.
             Slain by an orc
             ... wielding a cursed +0 short sword
              (1 damage)
             ... on level 3 of the Dungeon.
             The game lasted 00:04:21 (2250 turns).

wolfsongas the Cudgeler (Demonspawn Fighter)        Turns: 2250, Time: 00:04:22

Health: 0/41       AC:  8    Str: 18    XL:     5   Next: 35%
Magic:  5/5        EV:  7    Int:  9    God:
Gold:   154        SH:  8    Dex: 12    Spells: 4/4 levels left

rFire    . . .     SeeInvis .   a - +0 flail
rCold    . . .     Gourm    .   c - +0 shield
rNeg     + . .     Faith    +   b - +0 scale mail
rPois    .         Spirit   .   t - +1 helmet
rElec    .         Reflect  .   (no cloak)
rCorr    .         Harm     .   (no gloves)
MR       .....                  (no boots)
Stlth    ++........             r - amulet of faith
Regen    0.2/turn               l - ring of positive energy
MPRegen  0.1/turn               (no ring)

@: no status effects
A: demonic guardian 1, nightstalker 2
a: no special abilities


You were on level 3 of the Dungeon.
You were very full.

You visited 1 branch of the dungeon, and saw 3 of its levels.

You collected 154 gold pieces.

Inventory:

Hand Weapons
 a - a +0 flail (weapon)
Armour
 b - a +0 scale mail (worn)
 c - a +0 shield (worn)
 t - a +1 helmet (worn)
Jewellery
 l - a ring of positive energy (left hand)
 r - an amulet of faith (around neck)
Scrolls
 e - a scroll of amnesia {unknown}
 i - 2 scrolls of remove curse {unknown}
 o - a scroll of blinking {unknown}
 p - a scroll of teleportation {unknown}
 u - a scroll of immolation {unknown}
Potions
 h - a potion of lignification {unknown}
 j - a potion of heal wounds {unknown}
 k - 2 potions of curing
 m - 2 potions of resistance {unknown}
 n - a potion of cancellation
 q - a potion of agility {unknown}
 s - a potion of berserk rage
Comestibles
 d - a bread ration
 f - 2 royal jellies


   Skills:
 - Level 3.0 Fighting
 * Level 5.1 Maces & Flails
 - Level 2.6 Armour
 - Level 2.6 Shields


You had 4 spell levels left.
You didn't know any spells.

Dungeon Overview and Level Annotations

Branches:
Dungeon (3/15)

Altars:
The Shining One


Innate Abilities, Weirdness & Mutations

A weak demonic guardian rushes to your aid.
You are significantly more attuned to the shadows.


Message History

You completely miss the orc.
The orc is heavily wounded.
You block the orc's attack. The orc hits you but does no damage.
You hit the orc.
The orc is almost dead.
The orc barely misses you.
You barely miss the orc.
The orc is almost dead.
The orc hits you but does no damage.
You closely miss the orc.
The orc is almost dead.
The orc hits you with a short sword.
* * * LOW HITPOINT WARNING * * *
You hit the orc but do no damage.
The orc is almost dead.
The orc hits you but does no damage.
You barely miss the orc.
The orc is almost dead.
The orc hits you with a short sword.
You die...

#...#######.....#
####. #...# ##.#..#
### .#####. #...#
#.#..# ##.##.......
#...# #.#..#
##.#.#######. #...#
# ##.###.## #. ..
##.## ##.# #. ..
#...###.## #.
#.####.##.#..######.
#..@oo.)............
#.####)#####.#######
# #.# #.# #.. ..#
#### ####


You could see 2 orcs.

Vanquished Creatures
  Crazy Yiuf (D:2)
  2 orc priests (D:3)
  A worker ant zombie (D:3)
  An adder (D:2)
  2 oozes
  A worm (D:2)
  A dart slug (D:2)
  2 leopard geckos (D:1)
  5 orcs (D:3)
  6 ball pythons
  2 giant cockroaches
  9 goblins
  6 hobgoblins (D:3)
  3 jackals (D:1)
  A quokka (D:3)
  8 bats
  2 frilled lizards (D:1)
  6 kobolds
  11 rats
70 creatures vanquished.

Notes
Turn   | Place    | Note
-------+----------+-------------------------------------------
     0 | D:1      | wolfsongas the Demonspawn Fighter began the quest for the Orb.
     0 | D:1      | Reached XP level 1. HP: 18/18 MP: 1/1
    43 | D:1      | Reached skill level 2 in Maces & Flails
   289 | D:1      | Gained mutation: You are slightly more attuned to the shadows. [demonic ancestry]
   289 | D:1      | Reached XP level 2. HP: 24/24 MP: 2/2
   426 | D:1      | Reached skill level 3 in Maces & Flails
   604 | D:1      | Gained mutation: You are significantly more attuned to the shadows. [demonic ancestry]
   604 | D:1      | Reached XP level 3. HP: 18/29 MP: 3/3
  1277 | D:2      | Found a glowing golden altar of the Shining One.
  1523 | D:2      | Gained mutation: A weak demonic guardian rushes to your aid. [demonic ancestry]
  1523 | D:2      | Reached XP level 4. HP: 27/35 MP: 4/4
  1660 | D:2      | Found a runed door.
  1664 | D:2      | Noticed Crazy Yiuf
  1667 | D:2      | Killed Crazy Yiuf
  1667 | D:2      | Reached skill level 4 in Maces & Flails
  2217 | D:3      | Reached XP level 5. HP: 41/41 MP: 5/5
  2238 | D:3      | HP: 1/41 [orc priest/divine providence (10)]
  2241 | D:3      | Reached skill level 5 in Maces & Flails
  2248 | D:3      | HP: 1/41 [orc/short sword (3)]
  2250 | D:3      | Slain by an orc

Skill      XL: |  1  2  3  4  5 |
---------------+----------------+-----
Maces & Flails | 2 3 4 5 |  5.1
Fighting       | |  3.0
Armour         | |  2.6
Shields        | |  2.6

Action                   |  1- 3 |  4- 6 || total
-------------------------+-------+-------++-------
Melee: Flail             |   144 |   101 ||   245
  Use: Scroll            |     3 |       ||     3
       Potion            |     2 |     3 ||     5
 Stab: Sleeping          |     2 |     1 ||     3
  Eat: Chunk             |     2 |       ||     2
       Meat ration       |       |     1 ||     1
       Bread ration      |       |     1 ||     1
Armor: Scale mail        |   103 |    78 ||   181
Dodge: Dodged            |    47 |    35 ||    82
Block: Shield            |    94 |    73 ||   167
